 Dungeon Crawl Stone Soup version 0.25-a0-341-g6f074c887a (webtiles) character file.

Game seed: 16803998821452754610, levelgen mode: deterministic

221 mopl the Changer (level 5, -2/25 HPs)
             Began as a Spriggan Transmuter on Dec 30, 2019.
             Was a Follower of Cheibriados.
             Shot with an arrow by a centaur (6 damage)
             ... on level 3 of the Dungeon.
             The game lasted 00:06:46 (2669 turns).

mopl the Changer (Spriggan Transmuter)              Turns: 2669, Time: 00:06:46

Health: -2/25      AC:  2    Str:  9    XL:     5   Next: 65%
Magic:  2/11       EV: 18    Int: 17    God:    Cheibriados [*.....]
Gold:   198        SH:  0    Dex: 18    Spells: 5/11 levels left

rFire    . . .     SeeInvis +     - Unarmed
rCold    . . .     Gourm    .   (shield restricted)
rNeg     . . .     Faith    .   e - +0 robe
rPois    .         Spirit   .   (helmet restricted)
rElec    .         Reflect  .   (no cloak)
rCorr    .         Harm     .   (gloves unavailable)
MR       .....                  (boots unavailable)
Stlth    ++........             q - amulet of magic regeneration
HPRegen  0.08/turn              (no ring)
MPRegen  0.37/turn              (no ring)

@: quick
A: very small, unfitting armour, see invisible, herbivore, speed 3, slow
metabolism 2
a: Bend Time, Renounce Religion


You were on level 3 of the Dungeon.
You worshipped Cheibriados.
Cheibriados was aware of your devotion.
You were not hungry.

You visited 1 branch of the dungeon, and saw 3 of its levels.

You collected 198 gold pieces.

Inventory:

Hand Weapons
 b - a +0 hunting sling
Missiles
 a - 61 arrows
 j - 224 stones (quivered)
 k - 5 boomerangs
 l - 19 poisoned darts
Armour
 e - a +0 robe (worn)
Jewellery
 q - an amulet of magic regeneration (around neck)
Wands
 m - a wand of acid (9)
Scrolls
 f - 2 scrolls of magic mapping {unknown}
 g - 5 scrolls of identify
 i - 2 scrolls of amnesia
 n - 4 scrolls of remove curse
 o - a scroll of random uselessness {unknown}
Potions
 c - a potion of flight
 h - 3 potions of curing
 p - a potion of agility
Comestibles
 d - 10 rations


   Skills:
 + Level 0.7 Fighting
 + Level 1.8 Throwing
 + Level 3.0 Dodging
 * Level 3.6 Unarmed Combat
 + Level 3.9 Spellcasting
 + Level 3.9 Transmutations
 - Level 1.2 Poison Magic
 + Level 1.5 Invocations


You had 5 spell levels left.
You knew the following spells:

 Your Spells              Type           Power        Failure   Level  Hunger
a - Beastly Appendage     Tmut           ###...       3%          1    None
b - Spider Form           Tmut/Pois      ##........   16%         3    ###....
w - Sticks to Snakes      Tmut           ###.....     4%          2    ##.....

Your spell library contained the following spells:

 Spells                   Type           Power        Failure   Level  Hunger
 Ice Form                 Ice/Tmut       ##......     56%         4    ####...
 Blade Hands              Tmut           ###.......   65%         5    ######.


Dungeon Overview and Level Annotations

Branches:
Dungeon (3/15)

Altars:
Cheibriados

Annotations:
D:3 Glalom's ghost, amateur DEFE


Innate Abilities, Weirdness & Mutations

You are very small and have problems with some larger weapons.
You are too small for most types of armour.
You have supernaturally acute eyesight. (SInv)
You are a herbivore.
You cover ground extremely quickly.
You need to consume almost no food.


Message History

Your ball python dies!
Your ball python bites the centaur but does no damage.
The centaur shoots an arrow.
The arrow closely misses you.
Okay, then.
The centaur shoots an arrow.
The arrow hits you!
* * * LOW HITPOINT WARNING * * *
You see here an arrow.
Casting: Sticks to Snakes (safe; 4% risk of failure)
Confirm with . or Enter, or press ? or * to list all spells.
You create a snake!
You now have 62 arrows.
Casting: Sticks to Snakes (safe; 4% risk of failure)
Confirm with . or Enter, or press ? or * to list all spells.
You create a snake!
You now have 61 arrows.
The centaur wields a +0 shortbow.
The centaur shoots an arrow.
The arrow hits your adder!
As you read the scroll labeled GAECAN ONOMN, it crumbles to dust.
It is a scroll of amnesia.
Really abort (and waste the scroll)?
Okay, then.
The centaur shoots an arrow.
The arrow misses your adder. The arrow hits you.
You die...

####### #.....#
######.....# #...#....c.#
#####.?%'(W...S##########
....#%[=#(cS...(((.......
#.########.....#(########
#.# #.!)..#@# #.#
#######S# #'##### #.#
......# #.# ......# #.#
......# #.# ......#
##'### ......# #....#
......# #....#


You could see a centaur and 2 friendly adders.

Vanquished Creatures
  Jessica (D:3)
  Natasha (D:3)
  Robin (D:2)
  3 worms (D:2)
  2 leopard geckos
  An orc (D:3)
  4 bats
  A giant cockroach (D:2)
  12 goblins
  5 hobgoblins
  3 jackals (D:3)
  4 kobolds
  4 frilled lizards
  5 rats
47 creatures vanquished.

Vanquished Creatures (collateral kills)
  Grinder (D:3)
1 creature vanquished.

Grand Total: 48 creatures vanquished

Notes
Turn   | Place    | Note
-------+----------+-------------------------------------------
     0 | D:1      | mopl the Spriggan Transmuter began the quest for the Orb.
     0 | D:1      | Reached XP level 1. HP: 9/9 MP: 5/5
   521 | D:1      | Reached skill level 3 in Transmutations
   521 | D:1      | Reached XP level 2. HP: 12/14 MP: 4/6
   525 | D:1      | Learned a level 2 spell: Sticks to Snakes
   919 | D:2      | Reached skill level 3 in Spellcasting
  1357 | D:2      | Found a snail-covered altar of Cheibriados.
  1366 | D:2      | Became a worshipper of Cheibriados the Contemplative
  1370 | D:2      | Reached XP level 3. HP: 17/17 MP: 8/8
  1417 | D:2      | Learned a level 3 spell: Spider Form
  1692 | D:3      | Noticed Robin
  1714 | D:3      | Reached skill level 3 in Unarmed Combat
  1750 | D:2      | Killed Robin
  1930 | D:3      | Noticed Jessica
  1938 | D:3      | Killed Jessica
  1938 | D:3      | Reached skill level 1 in Throwing
  1938 | D:3      | Reached XP level 4. HP: 13/21 MP: 6/10
  2186 | D:3      | Reached * piety under Cheibriados
  2317 | D:3      | Noticed Natasha
  2325 | D:3      | Killed Natasha
  2325 | D:3      | Reached skill level 1 in Invocations
  2440 | D:3      | Noticed Grinder
  2471 | D:3      | Killed Grinder
  2471 | D:3      | Reached skill level 1 in Poison Magic
  2471 | D:3      | Reached XP level 5. HP: 17/25 MP: 3/11
  2642 | D:3      | Found a runed translucent door.
  2643 | D:3      | Noticed a centaur
  2644 | D:3      | Noticed Glalom's ghost (amateur DEFE)
  2669 | D:3      | Shot with an arrow by a centaur

Levels and vault maps discovered:
D:1:      lightli_arrival_chessboard, layout_loops_ring
D:2:      layout_loops_ring, cheibriados_altar_1, bh_chokoban
D:3:      layout_basic, ebering_ghost_inner_flame, first_ration, uniq_natasha,
          uniq_grinder, uniq_jessica, uniq_robin

Skill      XL: |  1  2  3  4 |
---------------+-------------+-----
Transmutations | 3 |  3.9
Spellcasting   | 3 |  3.9
Unarmed Combat | 3 |  3.6
Throwing       | 1 |  1.8
Invocations    | 1 |  1.5
Poison Magic   | 1 |  1.2
Fighting       | |  0.7
Dodging        | |  3.0

Action                   |  1- 3 |  4- 6 || total
-------------------------+-------+-------++-------
Melee: Unarmed           |    66 |    57 ||   123
       Kick              |     2 |     4 ||     6
       Headbutt          |     1 |       ||     1
       Punch             |       |     1 ||     1
 Fire: Hunting sling     |   127 |       ||   127
 Cast: Beastly Appendage |     8 |     2 ||    10
       Sticks to Snakes  |     2 |    16 ||    18
       Spider Form       |     3 |     3 ||     6
  Use: Scroll            |     4 |     2 ||     6
 Stab: Sleeping          |       |     1 ||     1
  Eat: Ration            |       |     1 ||     1
Armor: Robe              |    12 |     7 ||    19
       Skin              |       |     1 ||     1
Dodge: Dodged            |    69 |    73 ||   142

Table legend:
 A = Non-vault XP
 B = Vault XP
 C = Vault XP percentage of total XP
 D = Non-vault monster count
 E = Vault monster count
 F = Vault count percentage of total count
                 A         B        C        D         E       F
            +---------+---------+-------+---------+---------+-------
      Total |      67 |     250 |  78.9 |      34 |      14 |  29.2
            +---------+---------+-------+---------+---------+-------
        D:1 |      12 |       0 |   0.0 |       7 |       0 |   0.0
        D:2 |      33 |      15 |  31.2 |      15 |       1 |   6.2
        D:3 |      22 |     235 |  91.4 |      12 |      13 |  52.0
            +---------+---------+-------+---------+---------+-------
